 Dungeon Crawl Stone Soup version 0.18-a0-1782-gb76a692 (webtiles) character file.

61 Yawgmoth the Insei (level 4, -4/28 HPs)
             Began as an Octopode Transmuter on Apr 17, 2016.
             Slain by a worker ant (6 damage)
             ... on level 4 of the Dungeon.
             The game lasted 00:21:36 (2835 turns).

Yawgmoth the Insei (Octopode Transmuter)            Turns: 2835, Time: 00:21:38

Health: -4/28      AC:  1    Str:  8 (9)  XL:     4   Next: 7%
Magic:  7/7        EV: 12    Int: 13 (16) God:
Gold:   150        SH:  0    Dex: 11 (12) Spells: 2 memorised, 4 levels left

rFire  . . .     SeeInvis .       - Unarmed
rCold  . . .     Gourm    .     (no shield)
rNeg   . . .     Faith    .     (helmet restricted)
rPois  .         Spirit   .     (no amulet)
rElec  .         Dismiss  .     (no ring)
rCorr  .         Reflect  .     (no ring)
SustAt .         Harm     .     (no ring)
MR     .....                    (no ring)
Stlth  +++.......               (no ring)
                                (no ring)
                                (no ring)
                                (no ring)

@: lethally poisoned (-4 -> -15), not resistant to hostile enchantments, fairly
stealthy
A: almost no armour, amphibious, 8 rings, constrict 8, camouflage 1, gelatinous
body 1
a: no special abilities


You were on level 4 of the Dungeon.
You were not hungry.

You visited 1 branch of the dungeon, and saw 4 of its levels.

You collected 150 gold pieces.

Inventory:

Hand Weapons
 l - a +0 spear
   (You found it on level 1 of the Dungeon)
 p - a +1 short sword of protection
   (You took it off a kobold on level 2 of the Dungeon)
Missiles
 a - 44 arrows
 e - 97 stones (quivered)
 i - 4 steel javelins
 o - 29 arrows of flame
 t - 2 throwing nets {=f, !d}
Wands
 q - a wand of digging (12/24)
   (You found it on level 3 of the Dungeon)
Scrolls
 h - 2 scrolls of recharging {unknown}
 j - a scroll of noise {unknown}
 k - a scroll of magic mapping {unknown}
 r - 2 scrolls of remove curse {unknown}
 s - a scroll of identify {unknown}
Potions
 d - a potion of invisibility {unknown}
 f - a potion of ambrosia {unknown}
 g - a potion of heal wounds {unknown}
 n - a potion of degeneration {!q}
Books
 b - a book of Changes
Comestibles
 c - 4 bread rations {@e1}
 m - a beef jerky


   Skills:
 + Level 1.5 Fighting
 + Level 1.0 Throwing
 + Level 2.5 Dodging
 + Level 2.0 Stealth
 + Level 3.2 Unarmed Combat
 + Level 2.1 Spellcasting
 + Level 2.5 Transmutations


You had 4 spell levels left.
You knew the following spells:

 Your Spells              Type           Power        Failure   Level  Hunger
a - Beastly Appendage     Trmt           #.....       10%         1    ##.....
s - Sticks to Snakes      Trmt           #.......     14%         2    ###....


Dungeon Overview and Level Annotations

Branches:
Dungeon (4/15)
 Temple: D:4-7

Altars:
Pakellas
Ru


Innate Abilities, Weirdness & Mutations

You cannot wear most types of armour.
You are amphibious.
You can wear up to eight rings at the same time.
You can use your tentacles to constrict eight enemies at once.
Your skin changes colour to match your surroundings (Stealth).
Your rubbery body absorbs attacks (AC +1).


Message History

You now have 139 gold pieces (gained 14).
t - 2 throwing nets {=f, !d}
Found a stone staircase leading down.
e - 86 stones (gained 20) As you open the door, it creaks loudly!
There is an open door here.
There is a stone staircase leading down here.
Some of the chunks of flesh in your inventory have rotted away.
Eating one of 3 chunks of flesh {@w0}.
You continue eating. x2
All of the chunks of flesh in your inventory have rotted away.
A quokka comes into view.
You hit the quokka.
You kill the quokka!
Your Stealth skill increases to level 2!
You see here a quokka corpse.
You butcher the quokka corpse.
s - 2 chunks of flesh {@w0} You open the door.
There is an open door here.
A kobold comes into view. It is wielding a whip.
The helpless kobold fails to defend itself.
You hit the kobold.
You kill the kobold!
Your Throwing skill increases to level 1!
Things that are here:
a whip; a kobold corpse You now have 150 gold pieces (gained 11).
There is an open door here.
You open the door.
There is an open door here.
You open the door.
There is an open door here.
There is an open door here.
Eating one of 2 chunks of flesh {@w0}.
You continue eating. x2
All of the chunks of flesh in your inventory have rotted away.
Done exploring.
Done exploring.
There is a stone staircase leading down here.
You climb downwards.
There is a stone staircase leading up here.
You found a shaft!
s - a scroll labeled POZ GOEWAA
There is a stone staircase leading up here.
c - 4 bread rations {@e1} (gained 1)
A worker ant comes into view.
You see here 12 stones.
e - 98 stones (gained 12) Wield which item (- for none, * to show all)? (? for menu, Esc to quit)
Okay, then.
Quiver which item? (- for none, * to show all) (? for menu, Esc to quit)
Quivering
e - 98 stones for throwing.
The worker ant twitches its antennae in your direction.
The worker ant bites you.
You are poisoned.
The worker ant poisons you! The worker ant barely misses you.
You take 4 damage, and have 24/28 hp.
You closely miss the worker ant. Your grab misses the worker ant.
You feel sick. The worker ant misses you.
You take 1 damage, and have 23/28 hp.
You hit the worker ant. Your grab misses the worker ant.
You feel sick. The worker ant bites you.
You take 3 damage, and have 20/28 hp.
Wield which item (- for none, * to show all)? (? for menu, Esc to quit)
Okay, then.
Wield which item (- for none, * to show all)? (? for menu, Esc to quit)
You feel less protected.
You are now empty-tentacled.
The worker ant barely misses you.
You tentacle-slap the worker ant. You grab the worker ant.
You constrict the worker ant. The worker ant closely misses you.
You tentacle-slap the worker ant but do no damage.
You constrict the worker ant.
You feel sick. The worker ant closely misses you.
You take 1 damage, and have 19/28 hp.
You tentacle-slap the worker ant. You constrict the worker ant.
The worker ant bites you!
You take 6 damage, and have 13/28 hp.
MASSIVE DAMAGE!!
Aim: a worker ant (heavily wounded, constricted by you)
You throw a stone.
The stone hits the worker ant but does no damage.
You constrict the worker ant.
You feel sick. The worker ant bites you!
* * * LOW HITPOINT WARNING * * *
You are more poisoned.
The worker ant poisons you!
You take 9 damage, and have 4/28 hp.
MASSIVE DAMAGE!!
You release your grip on the worker ant.
* * * LOW HITPOINT WARNING * * *
You feel sick.
You take 1 damage, and have 3/28 hp.
Drink which item? (? for menu, Esc to quit)
It was a potion of degeneration.
There was something very wrong with that liquid.
You feel weakened.
You feel dopey.
You feel clumsy.
* * * LOW HITPOINT WARNING * * *
You feel sick. The worker ant bites you.
You die...

############# #########
#............ ........#
#.##........
#.#####.###.#......###.#
#.................#
##.####.#....a.###
#...........@#(#
#..####.###.##.# #..#
#.# #.# .# #..# #.# #.#
.# #..####...... ..
#..........%. .#
#..#########. ## #..#
#..####


You could see a worker ant.

Vanquished Creatures
  A dart slug (D:3)
  4 giant geckos
  A giant cockroach (D:3)
  7 goblins
  9 hobgoblins
  6 jackals
  2 quokkas
  2 ball pythons
  4 bats
  2 giant newts
  3 kobolds
  8 rats
49 creatures vanquished.

Notes
Turn   | Place    | Note
--------------------------------------------------------------
     0 | D:1      | Yawgmoth the Octopode Transmuter began the quest for the Orb.
     0 | D:1      | Reached XP level 1. HP: 13/13 MP: 3/3
   298 | D:1      | Reached XP level 2. HP: 18/18 MP: 5/5
   518 | D:1      | Learned a level 2 spell: Sticks to Snakes
  1040 | D:2      | Reached XP level 3. HP: 7/23 MP: 6/6
  1330 | D:2      | Reached skill level 1 in Stealth
  1473 | D:2      | Found an oddly glowing altar of Pakellas.
  2236 | D:3      | Found a sacrificial altar of Ru.
  2249 | D:3      | Reached XP level 4. HP: 28/28 MP: 7/7
  2507 | D:3      | Reached skill level 2 in Stealth
  2588 | D:3      | Reached skill level 1 in Throwing
  2833 | D:4      | HP: 4/28 [worker ant (8)]
  2835 | D:4      | Slain by a worker ant

Vault maps used:
D:1:      minmay_arrival_glassed_features, hex_tiny, monster_avoids_cloud
D:2:      old_standard_altar, serial_park_tiny_1
D:3:      nicolae_ru_awakened_eye
D:4:      grunt_temple_overflow_bloody_war, first_bread, hangedman_decor_push,
          uniq_grinder

Skill      XL: |  1  2  3  4 |
---------------+-------------+-----
Stealth        | 1 2 |  2.0
Throwing       | 1 |  1.0
Fighting       | |  1.5
Dodging        | |  2.5
Unarmed Combat | |  3.2
Spellcasting   | |  2.1
Transmutations | |  2.5

Action                   |  1- 3 |  4- 6 || total
-------------------------+-------+-------++-------
Melee: Unarmed           |    16 |     3 ||    19
       Constrict         |    15 |     2 ||    17
       Dagger            |    11 |       ||    11
       Tentacles         |     8 |       ||     8
       Short sword       |    25 |     5 ||    30
       Punch             |     1 |       ||     1
Throw: Javelin           |    40 |     1 ||    41
       Stone             |       |     1 ||     1
  Use: Potion            |       |     1 ||     1
 Stab: Sleeping          |     6 |     1 ||     7
  Eat: Chunk             |     4 |     2 ||     6
Armor: Skin              |     6 |       ||     6
Dodge: Dodged            |    28 |     5 ||    33

Vault maps used:
D:1:      minmay_arrival_glassed_features, hex_tiny, monster_avoids_cloud
D:2:      old_standard_altar, serial_park_tiny_1
D:3:      nicolae_ru_awakened_eye
D:4:      grunt_temple_overflow_bloody_war, first_bread, hangedman_decor_push,
          uniq_grinder

Table legend:
 A = Turns spent in this place as a percentage of turns spent in the entire game.
 B = Non-inter-level travel turns spent in this place as a percentage of non-inter-level travel turns spent in the entire game.
 C = Inter-level travel turns spent in this place as a percentage of turns spent in this place.
 D = Turns resting spent in this place as a percentage of non-inter-level travel turns spent in this place.
 E = Turns spent auto-exploring this place as a percentage of non-inter-level travel turns spent in this place.
 F = Non-inter-level travel turns spent in this place divided by the number of levels of this place that you've seen.
                   A       B       C       D       E      F
               +-------+-------+-------+-------+-------+----------------------
         Total | 100.0 | 100.0 |   0.3 |   1.0 |   4.2 | 238.2
       Dungeon | 100.0 | 100.0 |   0.3 |   1.0 |   4.2 | 238.2
               +-------+-------+-------+-------+-------+----------------------

Table legend:
 A = Kills in this place as a percentage of kills in entire the game.
 B = Kills by you in this place as a percentage of kills by you in the entire game.
 C = Kills by friends in this place as a percentage of kills by friends in the entire game.
 D = Other kills in this place as a percentage of other kills in the entire game.
 E = Experience gained in this place as a percentage of experience gained in the entire game.
 F = Experience gained in this place divided by the number of levels of this place that you have seen.
                   A       B       C       D       E      F
               +-------+-------+-------+-------+-------+----------------------
         Total | 100.0 | 100.0 |  -nan |  -nan | 100.0 |  22.0
       Dungeon | 100.0 | 100.0 |  -nan |  -nan | 100.0 |  22.0
               +-------+-------+-------+-------+-------+----------------------
